 Dungeon Crawl Stone Soup version 0.30-a0-748-ge6a52f7cba (webtiles) character file.

Game seed: 13753946530231555646

0 Esekla the Sneak (level 1, 16/16 HPs)
             Began as an Octopode Delver on Feb 8, 2023.
             Quit the game on level 5 of the Dungeon.
             The game lasted 00:01:02 (357 turns).

Esekla the Sneak (Octopode Delver)                   Turns: 357, Time: 00:01:03

Health: 16/16      AC:  1    Str: 11    XL:     1   Next: 0%
Magic:  1/1        EV: 13    Int: 12    God:
Gold:   39         SH:  0    Dex: 13    Spells: 0/0 levels left

rFire   . . .      SeeInvis .    a - +0 falchion
rCold   . . .      Faith    .    (no shield)
rNeg    . . .      Spirit   .    (helmet restricted)
rPois   .          Reflect  .    (no amulet)
rElec   .          Harm     .    (no ring)
rCorr   .          Rampage  .    (no ring)
Will    .....                    (no ring)
Stlth   ++++                     (no ring)
HPRegen 0.22/turn                (no ring)
MPRegen 0.07/turn                (no ring)
                                 (no ring)
                                 (no ring)

@: no status effects
A: almost no armour, amphibious, 8 rings, camouflage 1, gelatinous body 1,
(nimble swimmer 1), tentacles
a: no special abilities


You were on level 5 of the Dungeon.
You visited 1 branch of the dungeon, and saw 1 of its levels.

You collected 39 gold pieces.

Inventory:

Hand Weapons
 a - a +0 falchion (weapon)
Wands
 f - a wand of digging (3)
Scrolls
 b - a scroll of fog
 c - a scroll of teleportation {unknown}
 d - a scroll of fear
Potions
 e - a potion of haste
 g - a potion of attraction {unknown}
 h - a potion of cancellation {unknown}
 i - a potion of curing {unknown}


   Skills:
 + Level 3.0 Fighting
 + Level 2.0 Long Blades
 + Level 2.0 Dodging
 + Level 6.6 Stealth


You couldn't memorise any spells.
You didn't know any spells.
Your spell library contained the following spells:

 Spells                   Type           Power      Damage    Failure   Level
 Magic Dart               Conj           0%         1d3       32%         1
 Searing Ray              Conj           0%         2d4       45%         2
 Fulminant Prism          Conj/Hex       0%         3d5       97%         4


Dungeon Overview and Level Annotations

Branches:
Dungeon (5/15)
 Temple: D:4-7

Altars:
Zin

Shops:
D:5 :


Innate Abilities, Weirdness & Mutations

You cannot wear most types of armour.
You are amphibious.
You can wear up to eight rings at the same time.
Your skin changes colour to match your surroundings (Stealth+).
Your rubbery body absorbs attacks. (AC +1, EV +1)
((You are camouflaged when in or above water. (Stealth+)))
You have tentacles for arms and can constrict up to eight enemies at once.


Message History

You feel aware of your surroundings.
You sensed 1 altar, and 1 shop/portal.
You start waiting.
Done waiting.
You start waiting.
Done waiting.
Found a book of Conjurations.
You pick up a book of Conjurations and begin reading...
You add the spells Magic Dart, Searing Ray and Fulminant Prism to your library.
Found a grey potion.
Found a scroll labelled ROJIHU BAPP.
Found a glowing silver altar of Zin.
c - a scroll labelled ROJIHU BAPP You hit the plant but do no damage.
You grab the plant. You constrict the plant.
The plant begins to die.
You hit the plant.
The plant is lightly damaged.
You constrict the plant.
You release your grip on the plant.
Found 7 stones.
A nearby plant withers and dies.
g - a grey potion You hit the bush but do no damage.
You hit the bush. You squeeze the bush.
The bush is lightly damaged.
You hit the bush but do no damage. You squeeze the bush, but do no damage.
The bush is lightly damaged.
Found 15 gold pieces.
You now have 15 gold pieces.
Found 13 gold pieces.
You now have 28 gold pieces (gained 13).
Found a sling.
Found a bubbling coppery potion and 7 stones.
Found Wiacenli's Vocational Training.
Found a bubbling red potion and 11 gold pieces.
There is an entrance to Wiacenli's Vocational Training here.
h - a bubbling coppery potion
There is a fountain of clear blue water here.
You now have 39 gold pieces (gained 11).
i - a bubbling red potion
There is an entrance to Wiacenli's Vocational Training here.
You can access your shopping list by pressing '$'.
Are you sure you want to abandon this character and quit the game? (Confirm with "yes".)

*******
*,,,,,*#######
*******,,,,,*#.....#
,,,,,>,,,,,,*#.⌠.⌠(#
*****,*,,,,,##.....#
*,****#,#...@..# *,*
#.#......# *,*
#....⌠.⌠.#
*,****####.....#
*,,,,######.)###
*,,*,#......##
*,,*,#.######
#.,#.#.# #..#.#.#


There were no monsters in sight!

Vanquished Creatures (others)
  4 fungi (D:5)
  A plant (D:5)
5 creatures vanquished.

Notes
Turn   | Place    | Note
-------+----------+-------------------------------------------
     0 | D:5      | Esekla the Octopode Delver began the quest for the Orb.
     0 | D:5      | Reached XP level 1. HP: 16/16 MP: 1/1
   224 | D:5      | Found a glowing silver altar of Zin.
   340 | D:5      | Found Wiacenli's Vocational Training.
   357 | D:5      | Quit the game

Illustrated notes

Levels and vault maps discovered:
D:5:      layout_basic, mainiacjoe_overflow_chevrons, minmay_misc_feat_doors,
          nicolae_shop_vocational, uniq_crazy_yiuf_cottage, uniq_blork_the_orc

Action                     || total
---------------------------++-------
  Melee: Falchion          ||     5
         Tentacles         ||     2
         Constrict         ||     1
    Use: Scroll            ||     1

Table legend: (Time is in decaauts)
 A = Elapsed time spent in this place.
 B = Non-inter-level travel time spent in this place.
 C = Inter-level travel time spent in this place.
 D = Time resting spent in this place.
 E = Time spent auto-exploring this place.
 F = Levels seen in this place.
 G = Mean time per level.
                   A        B        C        D        E       F      G
               +--------+--------+--------+--------+--------+-----+--------+
         Total |    358 |    358 |      0 |    200 |      0 |   1 |  358.0 |
       Dungeon |    358 |    358 |      0 |    200 |      0 |   1 |  358.0 |
               +--------+--------+--------+--------+--------+-----+--------+

Top non-repeatable levels by time:
     D:5: 358 daAuts
